 Dungeon Crawl Stone Soup version 0.22.1-1-ga44c0e56f4 (webtiles) character file.

45486 Mjsee792 the Peltast (level 14, -6/136 HPs)
             Began as a Minotaur Fighter on Oct 14, 2018.
             Was the Champion of Okawaru.
             Splashed by a brown ugly thing's acid (9 damage)
             ... on level 14 of the Dungeon.
             The game lasted 01:06:02 (19321 turns).

Mjsee792 the Peltast (Minotaur Fighter)            Turns: 19321, Time: 01:06:02

Health: -6/136     AC: 12    Str: 25    XL:     14   Next: 1%
Magic:  5/5        EV:  7    Int: 11    God:    Okawaru [******]
Gold:   339        SH: 16    Dex: 16    Spells: 13/13 levels left

rFire    . . .     SeeInvis .   E - +7 morningstar of Wiune {venom, Str+5}
rCold    + + +     Gourm    .   c - +1 shield
rNeg     . . .     Faith    .   Q - +2 plate armour {rC+}
rPois    +         Spirit   .   u - +1 hat "Fibimac" {MP-9 Int+6}
rElec    .         Reflect  .   P - +0 cloak {rPois}
rCorr    .         Harm     .   H - +1 pair of gloves
MR       +....                  x - +0 pair of boots
Stlth    ..........             A - amulet of rage
HPRegen  0.32/turn              F - +3 ring of slaying
MPRegen  0.09/turn              a - ring of protection from cold

@: corroded, berserk cooldown, slowed, very slow
A: retaliatory headbutt, fangs 1, horns 2, cold resistance 1
a: Heroism, Finesse, Renounce Religion, Evoke Berserk Rage


You were on level 14 of the Dungeon.
You worshipped Okawaru.
Okawaru was exalted by your worship.
You were not hungry.

You visited 3 branches of the dungeon, and saw 17 of its levels.
You also visited: Labyrinth, Ossuary and Bailey.

You collected 1708 gold pieces.
You spent 1369 gold pieces at shops.

Inventory:

Hand Weapons
 E - the +7 morningstar of Wiune (weapon) {venom, Str+5}
   (Okawaru gifted it to you on level 2 of the Orcish Mines)

   It poisons the flesh of those it strikes.
   It affects your strength (+5).
 L - a +2 battleaxe of flaming
Armour
 c - a +1 shield (worn)
 u - the +1 hat "Fibimac" (worn) {MP-9 Int+6}
   (You bought it in a shop on level 9 of the Dungeon)

   It affects your intelligence (+6).
   It affects your magic capacity (-9).
 x - a +0 pair of boots (worn)
 H - a +1 pair of gloves (worn)
 P - a +0 cloak of poison resistance (worn)
 Q - a +2 plate armour of cold resistance (worn)
Jewellery
 a - a ring of protection from cold (right hand)
 l - an uncursed ring of see invisible
 A - an amulet of rage (around neck)
 F - a +3 ring of slaying (left hand)
 R - an uncursed ring of resist corrosion {unknown}
Wands
 B - a wand of digging (16)
 I - a wand of disintegration (1)
 K - a wand of iceblast (9)
 M - a wand of paralysis (11)
 N - a wand of acid (7)
Scrolls
 g - 2 scrolls of teleportation
 j - 6 scrolls of remove curse
 k - a scroll of fear
 q - 2 scrolls of enchant armour
 r - 2 scrolls of enchant weapon
 s - 4 scrolls of identify
 v - 2 scrolls of immolation
 D - 4 scrolls of fog
 G - 3 scrolls of blinking
Potions
 d - 2 potions of might
 e - 4 potions of resistance
 h - 3 potions of heal wounds
 i - a potion of ambrosia
 m - 3 potions of lignification
 n - 2 potions of mutation
 o - 2 potions of haste
 p - 5 potions of berserk rage
 t - 3 potions of curing
 w - 2 potions of brilliance
 z - 2 potions of flight
 C - a potion of invisibility {unknown}
 J - 2 potions of magic
Comestibles
 f - 30 rations


   Skills:
 - Level 15.8 Fighting
 - Level 2.4(8.8) Axes
 + Level 12.8(12.9) Maces & Flails
 - Level 12.6 Armour
 - Level 16.0 Shields
 - Level 1.8 Evocations


You had 13 spell levels left.
You didn't know any spells.
Your spell library contained the following spells:

 Spells                   Type           Power        Failure   Level  Hunger
 Confusing Touch          Hex            #.....       97%         1    ##.....
 Sandblast                Erth           #.....       97%         1    ##.....
 Sting                    Conj/Pois      #...         97%         1    ##.....
 Passwall                 Tmut/Erth      #.......     99%         2    ###....
 Poisonous Vapours        Pois/Air       #.....       99%         2    ###....
 Confuse                  Hex            #.......     100%        3    ####...
 Gell's Gravitas          Tloc           #.........   100%        3    ####...
 Mephitic Cloud           Conj/Pois/Air  #.......     100%        3    ####...
 Stone Arrow              Conj/Erth      #.....       100%        3    ####...
 Olgreb's Toxic Radiance  Pois           #.......     100%        4    #####..
 Petrify                  Tmut/Erth      #.......     100%        4    #####..
 Irradiate                Conj/Tmut      #.........   100%        5    ######.
 Lee's Rapid Deconstruct  Erth           #.........   100%        5    ######.
 Metabolic Englaciation   Hex/Ice        #.........   100%        5    ######.
 Venom Bolt               Conj/Pois      #.........   100%        5    ######.
 Yara's Violent Unravell  Hex/Tmut       #.........   100%        5    ######.
 Hydra Form               Tmut           #.........   100%        6    #######
 Statue Form              Tmut/Erth      #........    100%        6    #######
 Dragon Form              Tmut           #.........   100%        7    #######


Dungeon Overview and Level Annotations

Branches:
Dungeon (14/15)            Temple (1/1) D:7            Lair (0/6) D:8
    Orc (2/2) D:9             Elf (0/3) Orc:2        Vaults (0/5) D:13

Altars:
Ashenzari
Cheibriados
Dithmenos
Elyvilon
Fedhas
Gozag
Hepliaklqana
Kikubaaqudgha
Makhleb
Nemelex Xobeh
Okawaru
Qazlal
Ru
Sif Muna
Trog
Uskayaw
Vehumet
Wu Jian
Xom
Yredelemnul
Zin
The Shining One
Beogh

Shops:
D:5 }   D:9 [   D:12 =   Orc:2 [[:%

Portals:
Bazaar: D:13


Innate Abilities, Weirdness & Mutations

You reflexively headbutt those who attack you in melee.
You have a pair of horns on your head.
You have very sharp teeth.
Your flesh is cold resistant. (rC+)


Message History

Press: ? - help, Shift-Dir - straight line, f - brown ugly thing
Aim: a brown ugly thing (severely wounded, poisoned)
The bolt of acid misses the brown ugly thing.
The bolt of acid hits the brown ugly thing.
The brown ugly thing is lightly wounded.
The brown ugly thing punches you but does no damage.
You feel much better. The brown ugly thing pecks you.
* * * LOW HITPOINT WARNING * * *
You are splashed with acid!
The acid burns!
* * * LOW HITPOINT WARNING * * *
You block the brown ugly thing's attack.
The brown ugly thing pecks you.
* * * LOW HITPOINT WARNING * * *
You are splashed with acid!
The acid burns!
* * * LOW HITPOINT WARNING * * *
You block the brown ugly thing's attack.
The brown ugly thing barely misses you. The brown ugly thing pecks you!
* * * LOW HITPOINT WARNING * * *
You are splashed with acid!
The acid burns!
You die...

#..............##...# .# ≈#
#....#.......#...# .##≈#
.....#...........#...##..≈≈#
... #...#...............≈.#
. #...#...............≈..
#...#...............≈≈.
#....####.........≈.≈≈.
#....u...........≈..≈≈.
+..<.u@..........≈≈≈≈≈≈
#..#######.......≈≈≈≈≈) #†.#
#.........≈≈.) #.†#
#........≈.≈≈. #..'
#..........≈.. #..#.
.'..........≈.≈ #..#..
.#.........≈≈.≈ '..# ##
#.........≈... #...
.........≈...


You could see 2 ugly things.

Vanquished Creatures
  An orc warlord (Orc:2)
  A minotaur (Lab)
  Harold (D:7)
  2 hydras
  6 two-headed ogres
  The ghost of Morbidden the Cleaver, a novice DDFi of Makhleb (D:8)
  A tengu warrior (D:12)
  5 orc high priests (Orc:2)
  The ghost of LLavrengius the Basher, a novice GrFi of Hepliaklqana (D:10)
  2 unseen horrors
  An orange crystal statue (D:13)
  10 ugly things
  4 orc knights
  2 cyclopes (D:13)
  6 orc sorcerers
  3 manticores
  Maurice (Orc:1)
  A gargoyle (D:11)
  An efreet (D:13)
  7 trolls
  A tengu conjurer (D:12)
  A polar bear (D:14)
  2 hornets
  A polar bear (shapeshifter) (D:13)
  3 slime creatures (D:14)
  4 hippogriffs
  Sigmund (D:5)
  2 centaur simulacra (D:14)
  A basilisk (D:11)
  11 yaks
  A steam dragon (D:14)
  A hungry ghost (D:10)
  2 acid dragons
  3 wargs
  A soldier ant (shapeshifter) (D:13)
  12 ice beasts
  4 sky beasts
  A black bear (D:9)
  4 phantoms
  45 orc warriors
  2 wolves (D:14)
  19 ogres
  18 centaurs
  A big kobold (D:14)
  2 bullfrogs (D:11)
  A wyvern zombie (D:12)
  4 water moccasin zombies
  A water moccasin skeleton (D:11)
  8 killer bees
  4 scorpions
  A howler monkey (D:4)
  5 crimson imps
  4 lava snakes (Lab)
  2 bullfrog zombies
  3 quasits
  A wyvern simulacrum (D:14)
  2 jellies
  28 orc priests
  9 hounds
  18 orc wizards
  3 bullfrog skeletons
  5 iguanas
  Terence (D:2)
  14 worker ants
  3 big kobold zombies (Ossuary)
  2 hound zombies
  2 mummies (Ossuary)
  2 hound skeletons
  A worker ant zombie (D:5)
  13 gnolls (Bailey)
  A howler monkey skeleton (D:11)
  18 adders
  2 shadow imps
  A white imp (D:14)
  An ufetubus (D:14)
  4 oozes
  6 adder zombies (Ossuary)
  2 worms
  4 dart slugs
  7 leopard geckos
  104 orcs
  3 ball pythons
  2 giant cockroaches
  6 goblins
  21 hobgoblins
  13 jackals
  23 kobolds
  9 quokkas
  8 bats
  5 frilled lizards
  5 hobgoblin zombies (Ossuary)
  6 kobold zombies (Ossuary)
  7 orc zombies (Ossuary)
  A quokka skeleton (D:6)
  6 rats
602 creatures vanquished.

Vanquished Creatures (others)
  A wizard (D:4)
  An orc (Orc:2)
  3 plants (D:9)
5 creatures vanquished.

Grand Total: 607 creatures vanquished

Notes
Turn   | Place    | Note
-------+----------+-------------------------------------------
     0 | D:1      | Mjsee792 the Minotaur Fighter began the quest for the Orb.
     0 | D:1      | Reached XP level 1. HP: 19/19 MP: 0/0
   208 | D:1      | Reached XP level 2. HP: 27/27 MP: 1/1
   251 | D:1      | Reached skill level 4 in Shields
   836 | D:2      | Noticed Terence
   851 | D:2      | Killed Terence
   851 | D:2      | Reached XP level 3. HP: 26/34 MP: 2/2
  1122 | D:2      | Found an iron altar of Okawaru.
  1124 | D:2      | Found a hide-covered altar of Uskayaw.
  1124 | D:2      | Found a shimmering altar of Xom.
  1126 | D:2      | Found a glowing golden altar of the Shining One.
  1126 | D:2      | Found an ornate altar of the Wu Jian Council.
  1126 | D:2      | Found an iron altar of Okawaru.
  1308 | D:2      | Reached XP level 4. HP: 41/41 MP: 3/3
  1926 | D:3      | Found a snail-covered altar of Cheibriados.
  1937 | D:3      | Reached skill level 5 in Armour
  2065 | D:3      | Reached skill level 5 in Shields
  2065 | D:3      | Reached XP level 5. HP: 47/47 MP: 4/4
  2073 | D:3      | Reached skill level 5 in Fighting
  2543 | D:3      | Found a stormy altar of Qazlal.
  2750 | D:3      | Noticed an ogre
  2754 | D:3      | Killed an ogre
  2754 | D:3      | Reached XP level 6. HP: 56/56 MP: 5/5
  2959 | D:4      | Reached skill level 6 in Shields
  2965 | D:4      | Reached XP level 7. HP: 30/62 MP: 6/6
  3074 | D:4      | Found a sand-covered staircase.
  3080 | Ossuary  | Entered an ossuary
  3206 | Ossuary  | Reached skill level 7 in Shields
  3637 | D:4      | Reached XP level 8. HP: 65/71 MP: 7/7
  3661 | D:4      | Found a bloodstained altar of Trog.
  3662 | D:4      | Noticed a wizard
  3668 | D:4      | Killed a wizard
  3956 | D:5      | Entered Level 5 of the Dungeon
  3961 | D:5      | Reached skill level 8 in Shields
  4139 | D:5      | Found Buoh's Gadget Shop.
  4383 | D:5      | Noticed Sigmund
  4392 | D:5      | Killed Sigmund
  4392 | D:5      | Reached skill level 9 in Shields
  4631 | D:6      | Reached XP level 9. HP: 76/82 MP: 8/8
  4922 | D:6      | Found a deep blue altar of Sif Muna.
  4994 | D:7      | Found a hide-covered altar of Uskayaw.
  5039 | D:7      | Noticed Harold
  5054 | D:7      | Found a shimmering altar of Xom.
  5073 | D:7      | Found a white marble altar of Elyvilon.
  5450 | D:7      | Found a staircase to the Ecumenical Temple.
  5458 | Temple   | Entered the Ecumenical Temple
  6046 | D:8      | Reached skill level 10 in Shields
  6049 | D:8      | Found an iron altar of Okawaru.
  6060 | D:8      | Became a worshipper of Warmaster Okawaru
  6075 | D:8      | Found a radiant altar of Vehumet.
  6123 | D:8      | Found a runed gate.
  6124 | D:8      | Found an opulent altar of Gozag.
  6125 | D:8      | Found a runed gate.
  6125 | D:8      | Found a runed gate.
  6126 | D:8      | Noticed Morbidden's ghost (novice DDFi)
  6156 | D:8      | Found an ornate altar of the Wu Jian Council.
  6213 | D:8      | Found a staircase to the Lair.
  7111 | D:9      | Found Pucvyfes's Antique Armour Shoppe.
  7117 | D:9      | Bought a brightly glowing hat for 279 gold pieces
  7122 | D:9      | Identified the +1 hat "Fibimac" {MP-9 Int+6} (You bought it
                  | in a shop on level 9 of the Dungeon)
  7155 | D:9      | Gained mutation: Your mind is acute. (Int +2) [potion of
                  | mutation]
  7155 | D:9      | Gained mutation: You are clumsy. (Dex -2) [potion of
                  | mutation]
  7155 | D:9      | Gained mutation: You have a somewhat thin skeletal
                  | structure. (Dex +2, Stealth) [potion of mutation]
  7155 | D:9      | Gained mutation: You expend magic power (3 MP) to
                  | strengthen your wands. [potion of mutation]
  7169 | D:9      | HP: 4/85 [poisoned by a killer bee]
  7174 | D:9      | HP: 4/85 [poisoned by a killer bee]
  7182 | D:9      | HP: 4/85 [poisoned by a killer bee]
  7611 | D:9      | Found a hazy altar of Hepliaklqana.
  7658 | D:9      | Reached * piety under Okawaru
  7658 | D:9      | Reached skill level 11 in Shields
  7669 | D:9      | Noticed a troll
  7677 | D:9      | Killed a troll
  7677 | D:9      | Reached skill level 10 in Fighting
  7677 | D:9      | Reached skill level 10 in Armour
  7813 | D:9      | Reached XP level 10. HP: 93/93 MP: 0/9
  7829 | D:9      | Found a staircase to the Orcish Mines.
  7867 | D:9      | Noticed a two-headed ogre
  7876 | D:9      | Killed a two-headed ogre
  7876 | D:9      | Reached ** piety under Okawaru
  8054 | D:10     | Entered Level 10 of the Dungeon
  8080 | D:10     | Reached skill level 12 in Shields
  8121 | D:10     | Found a runed door.
  8171 | D:10     | Found a flagged portal.
  8189 | Bailey   | Entered a bailey
  8583 | Bailey   | Noticed an orc knight
  9045 | Bailey   | Killed an orc knight
  9045 | Bailey   | Reached *** piety under Okawaru
  9817 | D:10     | Noticed LLavrengius's ghost (novice GrFi)
  9847 | D:10     | Killed LLavrengius's ghost
  9847 | D:10     | Reached skill level 13 in Shields
 10044 | D:7      | Reached XP level 11. HP: 98/104 MP: 1/10
 10332 | D:7      | Killed Harold
 10332 | D:7      | Reached **** piety under Okawaru
 10887 | D:8      | Killed Morbidden's ghost
 11161 | Orc:1    | Entered Level 1 of the Orcish Mines
 11166 | Orc:1    | Noticed an orc sorcerer
 11187 | D:9      | Killed an orc sorcerer
 11187 | D:9      | Received a gift from Okawaru
 11442 | Orc:1    | Reached skill level 1 in Evocations
 11560 | Orc:1    | Found a roughly hewn altar of Beogh.
 11753 | Orc:2    | Entered Level 2 of the Orcish Mines
 11753 | Orc:2    | Noticed Maurice
 11755 | Orc:2    | Noticed a two-headed ogre
 11762 | Orc:1    | Reached ***** piety under Okawaru
 11768 | Orc:1    | Killed Maurice
 11788 | Orc:2    | Killed a two-headed ogre
 11788 | Orc:2    | Reached skill level 14 in Shields
 11962 | Orc:2    | Noticed a two-headed ogre
 11972 | Orc:2    | Killed a two-headed ogre
 12590 | Orc:2    | Noticed an orc sorcerer
 12600 | Orc:2    | Killed an orc sorcerer
 12848 | Orc:2    | Noticed a two-headed ogre
 12855 | Orc:2    | Killed a two-headed ogre
 13036 | Orc:2    | Found a staircase to the Elven Halls.
 13070 | Orc:2    | Noticed an orc sorcerer
 13070 | Orc:2    | Noticed an orc sorcerer
 13071 | Orc:2    | Found the +10 dark maul {crush}
 13132 | Orc:2    | Noticed a sixfirhy
 13141 | Orc:1    | Killed an orc sorcerer
 13141 | Orc:1    | Reached XP level 12. HP: 46/116 MP: 3/12
 13631 | Orc:2    | Received a gift from Okawaru
 13631 | Orc:2    | Reached skill level 15 in Shields
 13632 | Orc:2    | Got a crude morningstar {god gift}
 13633 | Orc:2    | Identified the +7 morningstar of Wiune {venom, Str+5}
                  | (Okawaru gifted it to you on level 2 of the Orcish Mines)
 14001 | Orc:2    | Noticed an orc warlord
 14054 | Orc:2    | Killed an orc warlord
 14164 | Orc:2    | Noticed an orc high priest
 14169 | Orc:2    | Killed an orc high priest
 14177 | Orc:2    | Found Datwaph's Food Shoppe.
 14193 | Orc:2    | Found a roughly hewn altar of Beogh.
 14205 | Orc:2    | Noticed an orc high priest
 14211 | Orc:2    | Found a roughly hewn altar of Beogh.
 14609 | Orc:2    | Found Ymabbiur's Antique Armour Emporium.
 14624 | Orc:2    | Bought a runed plate armour for 858 gold pieces
 14640 | Orc:2    | Found Rox Qife's Antique Armour Shoppe.
 14881 | Orc:2    | Noticed an orc high priest
 14881 | Orc:2    | Noticed a two-headed ogre
 14887 | Orc:2    | Killed an orc high priest
 14887 | Orc:2    | Reached skill level 15 in Fighting
 14893 | Orc:2    | Received a gift from Okawaru
 14897 | Orc:2    | Killed a two-headed ogre
 14897 | Orc:2    | Reached ****** piety under Okawaru
 15120 | Orc:2    | Found Cefitoi's Book Emporium.
 15130 | Orc:2    | Killed an orc high priest
 15130 | Orc:2    | HP: 5/121 [orc priest/nerve-wracking pain (14)]
 15544 | Orc:2    | Noticed an orc high priest
 15576 | Orc:2    | Killed an orc high priest
 15853 | Orc:2    | Noticed an orc high priest
 15882 | Orc:2    | Killed an orc high priest
 16323 | D:9      | Bought a runed cloak for 232 gold pieces
 16349 | D:9      | Identified a scroll of acquirement
 16353 | D:9      | Lost mutation: You are clumsy. (Dex -2) [potion of
                  | mutation]
 16353 | D:9      | Lost mutation: Your mind is acute. (Int +2) [potion of
                  | mutation]
 16353 | D:9      | Gained mutation: Your flesh is cold resistant. (rC+)
                  | [potion of mutation]
 16353 | D:9      | Gained mutation: You possess an exceptional clarity of
                  | mind. [potion of mutation]
 16354 | D:9      | Lost mutation: Your flesh is cold resistant. (rC+) [potion
                  | of mutation]
 16354 | D:9      | Lost mutation: You possess an exceptional clarity of mind.
                  | [potion of mutation]
 16354 | D:9      | Lost mutation: You expend magic power (3 MP) to strengthen
                  | your wands. [potion of mutation]
 16354 | D:9      | Gained mutation: You possess an exceptional clarity of
                  | mind. [potion of mutation]
 16354 | D:9      | Gained mutation: You have large cloven feet. [potion of
                  | mutation]
 16354 | D:9      | Gained mutation: Your muscles are strong. (Str +2) [potion
                  | of mutation]
 16360 | D:9      | Lost mutation: Your muscles are strong. (Str +2) [potion of
                  | mutation]
 16360 | D:9      | Lost mutation: You have a somewhat thin skeletal structure.
                  | (Dex +2, Stealth) [potion of mutation]
 16360 | D:9      | Lost mutation: You have large cloven feet. [potion of
                  | mutation]
 16360 | D:9      | Gained mutation: Your muscles are strong. (Str +2) [potion
                  | of mutation]
 16360 | D:9      | Gained mutation: You are partially covered in icy blue
                  | scales. (AC +2) [potion of mutation]
 16360 | D:9      | Gained mutation: Scrolls take you a little longer to read.
                  | [potion of mutation]
 16360 | D:9      | Gained mutation: You are agile. (Dex +2) [potion of
                  | mutation]
 16361 | D:9      | Lost mutation: Scrolls take you a little longer to read.
                  | [potion of mutation]
 16361 | D:9      | Lost mutation: Your muscles are strong. (Str +2) [potion of
                  | mutation]
 16361 | D:9      | Gained mutation: You are partially covered in large bone
                  | plates. (SH +4) [potion of mutation]
 16361 | D:9      | Gained mutation: You expend magic power (3 MP) to
                  | strengthen your wands. [potion of mutation]
 16361 | D:9      | Gained mutation: You passively map a small area around you.
                  | [potion of mutation]
 16362 | D:9      | Lost mutation: You expend magic power (3 MP) to strengthen
                  | your wands. [potion of mutation]
 16362 | D:9      | Lost mutation: You possess an exceptional clarity of mind.
                  | [potion of mutation]
 16362 | D:9      | Lost mutation: You are partially covered in large bone
                  | plates. (SH +4) [potion of mutation]
 16362 | D:9      | Lost mutation: You are agile. (Dex +2) [potion of mutation]
 16362 | D:9      | Gained mutation: Your movements are slightly less
                  | encumbered by armour. (ER -2) [potion of mutation]
 16362 | D:9      | Gained mutation: You have a pair of large horns on your
                  | head. [potion of mutation]
 16364 | D:9      | Lost mutation: You have a pair of large horns on your head.
                  | [potion of mutation]
 16364 | D:9      | Gained mutation: You expend magic power (3 MP) to
                  | strengthen your wands. [potion of mutation]
 16365 | D:9      | Lost mutation: You expend magic power (3 MP) to strengthen
                  | your wands. [potion of mutation]
 16365 | D:9      | Gained mutation: You have sharp fingernails. [potion of
                  | mutation]
 16366 | D:9      | Lost mutation: You passively map a small area around you.
                  | [potion of mutation]
 16366 | D:9      | Lost mutation: You are partially covered in icy blue
                  | scales. (AC +2) [potion of mutation]
 16366 | D:9      | Lost mutation: Your movements are slightly less encumbered
                  | by armour. (ER -2) [potion of mutation]
 16366 | D:9      | Gained mutation: You have very sharp teeth. [potion of
                  | mutation]
 16366 | D:9      | Lost mutation: You have sharp fingernails. [potion of
                  | mutation]
 16366 | D:9      | Gained mutation: Your flesh is cold resistant. (rC+)
                  | [potion of mutation]
 16468 | D:11     | Reached skill level 16 in Shields
 16468 | D:11     | Reached XP level 13. HP: 125/128 MP: 4/13
 16489 | D:11     | Reached skill level 1 in Maces & Flails
 16921 | D:11     | Reached skill level 5 in Maces & Flails
 17286 | D:12     | Got a scorched spear
 17287 | D:12     | Identified the cursed +2 spear "Zefa" {venom, MR- Str-4
                  | Int+4 Dex+8} (You found it on level 12 of the Dungeon)
 17469 | D:12     | Found Menk's Jewellery Boutique.
 17645 | D:12     | Received a gift from Okawaru
 17646 | D:12     | Got a faintly glowing mace {god gift}
 17654 | D:12     | Identified the +0 mace of Ydeul {venom, Str+2} (Okawaru
                  | gifted it to you on level 12 of the Dungeon)
 18041 | D:13     | Found a gateway to a bazaar.
 18090 | D:13     | Found a gate to the Vaults.
 18150 | D:13     | Found a labyrinth entrance.
 18178 | Lab      | Entered a labyrinth
 18541 | Lab      | Noticed a minotaur
 18550 | Lab      | Killed a minotaur
 18550 | Lab      | Reached skill level 10 in Maces & Flails
 19236 | D:14     | Received a gift from Okawaru
 19252 | D:14     | Found a frozen archway.
 19312 | D:14     | Reached XP level 14. HP: 115/136 MP: 5/14
 19321 | D:14     | HP: 3/136 [brown ugly thing (10)]
 19321 | D:14     | Splashed by a brown ugly thing's acid

Skill      XL: |  1  2  3  4  5  6  7  8  9 10 11 12 13 |
---------------+----------------------------------------+-----
Armour         | 4 5 6 7 8 10 11 12 | 12.6
Shields        | 4 5 6 7 9 11 13 14 16 | 16.0
Fighting       | 4 5 6 8 10 12 13 15 | 15.8
Evocations     | 1 |  1.8
Maces & Flails | 12 | 12.8
Axes           | |  2.4

Action                   |  1- 3 |  4- 6 |  7- 9 | 10-12 | 13-15 || total
-------------------------+-------+-------+-------+-------+-------++-------
Melee: War axe           |    78 |   137 |   420 |    99 |       ||   734
       Headbutt          |    13 |    18 |    87 |   191 |    83 ||   392
       Hand axe          |       |       |       |   399 |       ||   399
       Morningstar       |       |       |       |   170 |   303 ||   473
       Maul              |       |       |       |    14 |       ||    14
       Bite              |       |       |       |     1 |    44 ||    45
Invok: Heroism           |       |       |       |       |     1 ||     1
 Abil: Evoke Berserk Rag |       |       |       |     3 |     2 ||     5
Evoke: Wand              |       |       |       |     7 |     1 ||     8
  Use: Scroll            |       |     8 |    18 |     7 |     4 ||    37
       Potion            |       |       |     3 |    11 |     2 ||    16
  Eat: Chunk             |       |     7 |    13 |    21 |     7 ||    48
       Ration            |       |       |     1 |     3 |     2 ||     6
Armor: Scale mail        |    32 |    64 |   166 |   157 |       ||   419
       Plate armour      |       |       |       |    57 |   269 ||   326
Dodge: Dodged            |    22 |    41 |   119 |   220 |    74 ||   476
Block: Shield            |    47 |    84 |   312 |   549 |   322 ||  1314
